 Dungeon Crawl Stone Soup version 0.32-a0-471-gb91d5d9764 (webtiles) character file.

Game seed: 7585773443924682615

344 mopl the Insei (level 6, -3/41 HPs)
             Began as an Octopode Shapeshifter on Feb 25, 2024.
             Slain by an iguana (8 damage)
             ... on level 5 of the Dungeon.
             The game lasted 00:04:51 (2998 turns).

mopl the Insei (Octopode Shapeshifter)              Turns: 2998, Time: 00:04:52

Health: -3/41      AC:  1    Str: 13    XL:     6   Next: 58%
Magic:  6/6        EV: 14    Int: 12    God:
Gold:   133        SH:  0    Dex: 14    Spells: 5/5 levels left

rFire   . .          .
                       - Unarmed
rCold   . . .        (no shield)
rNeg    . . .        (helmet currently unavailable)
rPois   .            (no amulet)
rElec   .            (no ring)
rCorr   .            (no ring)
SInv    .            (no ring)
Will    .....        (no ring)
Stlth   ++           (no ring)
HPRegen 0.26/turn    (no ring)
MPRegen 0.10/turn    (no ring)
                     (no ring)

%: no passive effects
@: beast-form
A: beast (slay +2), almost no armour, amphibious, 8 rings, camouflage 1,
gelatinous body 1, (nimble swimmer 1), tentacles
a: Begin Untransformation


You were on level 5 of the Dungeon.
You were a hulking beast.
You visited 1 branch of the dungeon, and saw 5 of its levels.

You collected 133 gold pieces.

Inventory:

Hand Weapons
 t - a +0 arbalest
Missiles
 q - a throwing net
Armour
 h - a +0 tower shield
Magical Staves
 i - a staff of fire
Talismans
 b - a beast talisman (active)
 c - a flux talisman
Wands
 s - a wand of roots (6)
Scrolls
 e - 3 scrolls of identify
 f - 3 scrolls of noise {unknown}
 g - a scroll of brand weapon {unknown}
 j - 7 scrolls of teleportation {unknown}
 k - 2 scrolls of enchant armour {unknown}
 n - a scroll of fear {unknown}
Potions
 a - a potion of lignification {!q}
 d - a potion of heal wounds
 m - 2 potions of haste
 o - a potion of ambrosia
 p - a potion of might
 r - 2 potions of curing {unknown}


   Skills:
 + Level 2.6 Fighting
 + Level 3.2 Dodging
 * Level 4.7 Unarmed Combat
 * Level 4.6 Shapeshifting


You had 5 spell levels left.
You didn't know any spells.
Your spell library contained the following spells:

 Spells                   Type           Power      Damage    Failure   Level
 Call Imp                 Summ           0%         N/A       45%         2
 Sublimation of Blood     Necr           0%         N/A       45%         2
 Summon Hydra             Summ           0%         N/A       100%        7


Dungeon Overview and Level Annotations

Branches:
Dungeon (5/15)
 Temple: D:4-7

Altars:
Elyvilon
Hepliaklqana
Vehumet
Xom

Shops:
D:4 =

Annotations:
D:4 exclusion: statue


Innate Abilities, Weirdness & Mutations

You are a hulking beast.
Your limbs bulge with bestial killing power. (Slay +2)
You cannot wear most types of armour.
You are amphibious.
You can wear up to eight rings at the same time.
Your skin changes colour to match your surroundings (Stealth+).
Your rubbery body absorbs attacks. (AC +1, EV +1)
((You are camouflaged when in or above water. (Stealth+)))
You have tentacles for arms and can constrict up to eight enemies at once.


Message History

The poisoned dart barely misses the iguana.
There is a stone staircase leading up, spattered with blood here.
You tentacle-slap the iguana but do no damage.
Your grab misses the iguana. The iguana bites you!
You barely miss the iguana. Your grab misses the iguana. The iguana bites you!
You are too injured to fight recklessly!
You are too injured to fight recklessly!
You barely miss the iguana. Your grab misses the iguana. The iguana misses you.
You tentacle-slap the iguana. Your grab misses the iguana.
You squeeze the iguana, but do no damage.
The iguana is lightly wounded.
The iguana bites you!
* * * LOW HITPOINT WARNING * * *
You feel much better. The iguana bites you.
You closely miss the iguana. You grab the iguana. You tentacle-slap the iguana.
You squeeze the iguana.
The iguana is moderately wounded.
You constrict the iguana, but do no damage.
The iguana closely misses you.
You barely miss the iguana.
The iguana is moderately wounded.
You constrict the iguana, but do no damage.
The iguana bites you!
You tentacle-slap the iguana.
The iguana is heavily wounded.
You constrict the iguana, but do no damage.
The iguana bites you.
* * * LOW HITPOINT WARNING * * *
You tentacle-slap the iguana but do no damage.
The iguana is heavily wounded.
You constrict the iguana. The iguana bites you.
* * * LOW HITPOINT WARNING * * *
You tentacle-slap the iguana but do no damage.
Your squeeze misses the iguana.
The iguana is heavily wounded.
You constrict the iguana. You tentacle-slap the iguana.
The iguana is severely wounded.
You constrict the iguana. The iguana bites you!
You die...

.# .#. ## ..
#... #.
$....$. #.
.#....( #.
....... #.
.$.....
#.#.##.....!.
#..hl.......
##..........
.......##..(.
#.##..#.# #..
.. .#...> #
## .####.##
.. .. .# ..


You could see an iguana.

Vanquished Creatures
  An ogre (D:3)
  An orc priest (D:4)
  A gnoll bouda (D:4)
  An iguana (D:5)
  2 orc wizards
  3 adders
  2 dart slugs
  6 orcs (D:4)
  7 bats
  8 endoplasms
  4 giant cockroaches
  6 goblins
  4 hobgoblins
  8 jackals
  4 kobolds
  7 quokkas
  7 ball pythons
  5 frilled lizards
  8 rats
85 creatures vanquished.

Notes
Turn   | Place    | Note
-------+----------+-------------------------------------------
     0 | D:1      | mopl the Octopode Shapeshifter began the quest for the Orb.
     0 | D:1      | Reached XP level 1. HP: 13/13 MP: 1/1
   163 | D:1      | Reached XP level 2. HP: 18/18 MP: 2/2
   203 | D:1      | Found a faded altar of an unknown god.
   312 | D:1      | Reached XP level 3. HP: 11/23 MP: 3/3
  1121 | D:2      | Reached XP level 4. HP: 28/28 MP: 4/4
  1395 | D:3      | Noticed an ogre
  1418 | D:3      | Killed an ogre
  1419 | D:3      | Reached skill level 2 in Fighting
  1419 | D:3      | Reached skill level 4 in Unarmed Combat
  1419 | D:3      | Reached skill level 4 in Shapeshifting
  1419 | D:3      | Reached XP level 5. HP: 34/34 MP: 5/5
  2000 | D:4      | Found a white marble altar of Elyvilon.
  2233 | D:3      | Reached skill level 3 in Dodging
  2233 | D:3      | Reached XP level 6. HP: 39/39 MP: 6/6
  2382 | D:4      | Found a hazy altar of Hepliaklqana.
  2471 | D:4      | Found Osuzayr's Jewellery Shoppe.
  2642 | D:4      | Found a radiant altar of Vehumet.
  2790 | D:4      | Found a shimmering altar of Xom.
  2959 | D:5      | Entered Level 5 of the Dungeon
  2998 | D:5      | Slain by an iguana

Illustrated notes

Levels and vault maps discovered:
D:1:      shiori_angband_town, layout_basic,
          hellmonk_ecumenical_altar_crossroads
D:2:      layout_basic, serial_bayou_crossing
D:3:      layout_basic
D:4:      layout_loops_ring, nicolae_overflow_hidden_temple, lemuel_tele_altar,
          vehumet_statue, nicolae_hepliaklqana_hazy_memory, serial_shops,
          nicolae_shop_gaudy_bauble
D:5:      layout_loops_cross, uniq_grinder

Skill      XL: |  1  2  3  4  5 |
---------------+----------------+-----
Fighting       | 2 |  2.6
Unarmed Combat | 4 |  4.7
Shapeshifting  | 4 |  4.6
Dodging        | 3 |  3.2

Action                     |  1- 3 |  4- 6 || total
---------------------------+-------+-------++-------
  Melee: Unarmed           |    87 |    89 ||   176
         Constrict         |    26 |    17 ||    43
         Tentacles         |    12 |    19 ||    31
         Punch             |     1 |     5 ||     6
   Fire: Arbalest          |       |     4 ||     4
  Throw: Dart              |       |     6 ||     6
    Use: Scroll            |       |     4 ||     4
         Potion            |       |     1 ||     1
   Stab: Sleeping          |     5 |     4 ||     9
 Armour: Skin              |    49 |    38 ||    87
  Dodge: Dodged            |    76 |    40 ||   116

Table legend: (Time is in decaauts)
 A = Elapsed time spent in this place.
 B = Non-inter-level travel time spent in this place.
 C = Inter-level travel time spent in this place.
 D = Time resting spent in this place.
 E = Time spent auto-exploring this place.
 F = Levels seen in this place.
 G = Mean time per level.
                   A        B        C        D        E       F      G
               +--------+--------+--------+--------+--------+-----+--------+
         Total |   2989 |   2817 |    172 |    250 |   1924 |   5 |  597.8 |
       Dungeon |   2989 |   2817 |    172 |    250 |   1924 |   5 |  597.8 |
               +--------+--------+--------+--------+--------+-----+--------+

Top non-repeatable levels by time:
     D:1: 867 daAuts
     D:4: 855 daAuts
     D:3: 625 daAuts
     D:2: 603 daAuts
     D:5: 37 daAuts
